Atomiques vs Influenza
(R1)
Created - 13 septembre 2014 at 19:17
Simulating a Pre-Season
Goals
|
| Atomiques |
3 |
0 |
1 |
4 |
| Influenza |
0 |
1 |
2 |
3 |
|
Shots
|
| Atomiques |
19 |
10 |
13 |
42 |
| Influenza |
8 |
20 |
9 |
37 |
|
1st period
1. Atomiques , Nick Johnson 1 (John McCarthy, Davis Drewiske) at 12:34
2. Atomiques , Nick Johnson 2 (John McCarthy, Marc-André Cliche) at 13:26
3. Atomiques , Logan Couture 1 (John Carlson, Linus Omark) at 15:04 (PP)
Penalties :
Ryan Russell (VJB) for Interference (Minor) at 14:31
2nd period
4. Influenza , Martins Karsums 2 (Ryan Carter, Robbie Earl) at 2:05
Penalties :
Casey Borer (STB) for Hooking (Minor) at 3:48, Ryan Carter (VJB) for Roughing (Minor) at 3:53, Andrew Kozek (STB) for Hooking (Minor) at 18:02
3rd period
5. Influenza , Robbie Earl 3 (Jeff Petry, Martins Karsums) at 6:49 (PP)
6. Atomiques , Alexandre Daigle 4 (Linus Omark, John Carlson) at 19:31 (Empty Net)
7. Influenza , Cody McCormick 1 (Alexander Sulzer) at 19:39
Penalties :
John Zeiler (STB) for Roughing (Minor) at 1:30, John Zeiler (STB) for Holding (Minor) at 5:37, Casey Borer (STB) for Hooking (Minor) at 9:51, Jaime Sifers (VJB) for Holding (Minor) at 13:53
Goalie Stats
Alex Auld (STB), 34 saves from 37 shots - (0,919), W, 1-1-0, 60:00 minutes
Tyson Sexsmith (VJB), 38 saves from 41 shots - (0,927), L, 0-1-0, 59:14 minutes
Players Stats for Atomiques
Player Name G A P +/- PIM S H SB GA TA FO MP PP MP PK MP
------------------------------------------------------------------------------------
Alexandre Daigle 1 0 1 0 0 5 1 2 0 0 2/2 21:40 1:28 3:58
Andrew Kozek 0 0 0 0 2 2 1 1 0 2 0/0 14:30 0:40 0:46
Anthony Nigro 0 0 0 0 0 0 0 0 0 0 0/0 0:00 0:00 0:00
Brett Sutter 0 0 0 0 0 0 1 0 0 0 0/0 0:58 0:00 0:58
Casey Borer 0 0 0 0 4 0 0 1 1 1 0/0 12:38 0:05 0:00
Clayton Stoner 0 0 0 2 0 0 0 2 0 0 0/0 20:10 0:41 2:36
Davis Drewiske 0 1 1 2 0 3 1 2 0 2 0/0 20:10 0:41 2:36
Drew Larman 0 0 0 0 0 0 0 0 0 0 0/0 0:00 0:00 0:00
Jarret Stoll 0 0 0 0 0 3 1 1 0 2 25/36 21:18 1:28 4:04
John Carlson 0 2 2 -1 0 6 2 0 1 2 0/0 28:34 1:56 4:38
John McCarthy 0 2 2 2 0 1 0 1 0 0 0/0 8:33 0:00 0:00
John Zeiler 0 0 0 0 4 3 0 0 0 0 0/0 16:41 0:35 1:07
Kenndal McArdle 0 0 0 -1 0 0 1 0 0 0 0/0 10:06 0:00 0:00
Linus Omark 0 2 2 0 0 3 1 0 1 0 1/4 19:15 1:33 1:52
Logan Couture 1 0 1 0 0 7 0 1 1 0 3/5 13:27 0:40 0:00
Mac Bennett 0 0 0 0 0 0 0 0 0 1 0/0 3:42 0:00 0:00
Marc-André Cliche 0 1 1 2 0 1 1 0 0 1 1/3 8:33 0:00 0:00
Mike Halmo 0 0 0 0 0 0 0 0 0 0 0/0 1:23 0:14 0:21
Mitch Callahan 0 0 0 0 0 0 0 0 0 0 0/0 0:31 0:17 0:00
Nick Johnson 2 0 2 2 0 3 1 1 1 0 0/0 9:12 0:24 0:00
Ryan Shannon 0 0 0 -1 0 1 3 1 1 0 0/0 10:53 0:27 0:00
Scott Jackson 0 0 0 0 0 0 1 1 0 1 0/0 11:16 0:00 0:00
Tyler Brenner 0 0 0 -1 0 0 0 0 0 0 3/9 12:14 0:00 1:22
Victor Hedman 0 0 0 -1 0 4 1 1 1 1 0/0 25:03 1:56 4:38
Players Stats for Influenza
Player Name G A P +/- PIM S H SB GA TA FO MP PP MP PK MP
------------------------------------------------------------------------------------
Adam Berti 0 0 0 0 0 0 0 0 0 0 0/0 0:23 0:00 0:07
Alexander Sulzer 0 1 1 0 0 2 2 2 0 1 0/0 25:50 4:46 1:21
Brian Salcido 0 0 0 0 0 0 0 0 0 0 0/0 11:12 0:00 1:16
Carl Gunnarsson 0 0 0 -1 0 7 0 0 2 0 0/0 19:26 2:28 1:16
Cody McCormick 1 0 1 -1 0 4 2 1 0 0 4/5 11:43 0:06 0:00
Colby Robak 0 0 0 0 0 0 0 0 0 0 0/0 4:48 0:00 0:00
Colin McDonald 0 0 0 0 0 1 0 1 1 0 0/0 8:52 0:00 0:00
Corey Tropp 0 0 0 -1 0 1 0 0 0 0 0/0 9:40 0:00 0:00
Eric Wellwood 0 0 0 0 0 0 1 0 1 0 0/1 8:52 0:00 0:00
Jaime Sifers 0 0 0 0 2 0 1 1 2 1 0/0 24:39 4:46 0:05
Jeff Halpern 0 0 0 0 0 2 3 0 1 2 11/17 16:51 3:24 0:41
Jeff May 0 0 0 0 0 0 0 0 0 0 0/0 4:48 0:00 0:00
Jeff Petry 0 1 1 -1 0 3 1 1 0 1 0/0 19:26 2:28 1:16
Jeremy Morin 0 0 0 0 0 0 1 0 0 0 0/2 16:21 3:24 0:00
Jordan Schroeder 0 0 0 0 0 0 0 0 0 0 0/0 0:00 0:00 0:00
Juraj Mikus 0 0 0 0 0 0 0 0 0 0 0/0 0:00 0:00 0:00
Marek Zagrapan 0 0 0 0 0 3 1 0 3 0 0/1 11:12 0:03 0:05
Martins Karsums 1 1 2 0 0 5 1 1 0 0 0/2 19:35 3:47 0:41
Oskars Bartulis 0 0 0 0 0 0 0 0 0 0 0/0 9:56 0:00 0:00
Pierre-Cédric Labrie 0 0 0 0 0 2 0 0 1 1 0/1 16:21 3:24 0:00
Robbie Earl 1 1 2 0 0 3 3 0 2 1 2/8 21:41 3:47 1:31
Ryan Carter 0 1 1 0 2 3 4 0 0 0 7/22 21:27 3:46 1:30
Ryan Russell 0 0 0 -1 2 1 0 0 0 0 0/0 12:23 0:00 0:39
T.J Brodie 0 0 0 0 0 0 0 0 0 0 0/0 0:00 0:00 0:00
Zac Dalpe 0 0 0 0 0 0 0 0 0 0 0/0 0:00 0:00 0:00
3 Stars
1 - Nick Johnson (STB)
2 - Robbie Earl (VJB)
3 - Martins Karsums (VJB)
Power Play
Atomiques - 1 on 3 Attempt(s) - 33,33%
Influenza - 1 on 5 Attempt(s) - 20,00%
Penalty Kill
Atomiques - 4 on 5 Attempt(s) - 80,00%
- Score 0 goal in Penalty Kill
Influenza - 2 on 3 Attempt(s) - 66,67%
- Score 0 goal in Penalty Kill
Official
Referees : StPierre Justin and McCauley Wes
Linesman : Mark Shewchyk and Dan Schachte
Game Notes
Alexandre Daigle has scored in a empty net!
Atomiques
5 vs 5 Forward
Center Left Wing Right Wing Time % Phy DF OF
1 Jarret Stoll Linus Omark Alexandre Daigle 40 1 2 2
2 Logan Couture Andrew Kozek John Zeiler 30 1 2 2
3 Tyler Brenner Kenndal McArdle Ryan Shannon 20 1 2 2
4 Marc-André Cliche John McCarthy Nick Johnson 10 1 2 2
5 vs 5 Defense
Defense Defense Time % Phy DF OF
1 John Carlson Victor Hedman 40 1 2 2
2 Davis Drewiske Clayton Stoner 30 1 2 2
3 Scott Jackson Casey Borer 20 1 2 2
4 Mac Bennett John Carlson 10 1 2 2
PowerPlay Forward
Center Left Wing Right Wing Time % Phy DF OF
1 Jarret Stoll Linus Omark Alexandre Daigle 60 1 2 2
2 Logan Couture Andrew Kozek John Zeiler 40 1 2 2
PowerPlay Defense
Defense Defense Time % Phy DF OF
1 John Carlson Victor Hedman 60 1 2 2
2 Davis Drewiske Clayton Stoner 40 1 2 2
Penalty Kill 4 Players Forward
Center Wing Time % Phy DF OF
1 Jarret Stoll Alexandre Daigle 60 1 2 2
2 Linus Omark John Zeiler 40 1 2 2
Penalty Kill 4 Players Defense
Defense Defense Time % Phy DF OF
1 John Carlson Victor Hedman 60 1 2 2
2 Davis Drewiske Clayton Stoner 40 1 2 2
Penalty Kill - 3 Players Forward
Forward Time % Phy DF OF
1 Jarret Stoll 60 1 2 2
2 Alexandre Daigle 40 1 2 2
Penalty Kill - 3 Players Defense
Defense Defense Time % Phy DF OF
1 John Carlson Victor Hedman 60 1 2 2
2 Davis Drewiske Clayton Stoner 40 1 2 2
4 vs 4 Forward
Center Wing Time % Phy DF OF
1 Jarret Stoll Alexandre Daigle 60 1 2 2
2 Linus Omark John Zeiler 40 1 2 2
4 vs 4 Defense
Defense Defense Time % Phy DF OF
1 John Carlson Victor Hedman 60 1 2 2
2 Davis Drewiske Clayton Stoner 40 1 2 2
Last Minutes Offensive
Center Left Wing Right Wing Defense Defense
Jarret Stoll Linus Omark Alexandre Daigle John Carlson Victor Hedman
Last Minutes Defensive
Center Left Wing Right Wing Defense Defense
Jarret Stoll Linus Omark Alexandre Daigle John Carlson Victor Hedman
Goaltenders
Starting : Alex Auld
Backup : Curtis McElhinney
Extra Forwards
Normal : Ryan Shannon, Nick Johnson, Tyler Brenner - PP : Ryan Shannon, Nick Johnson - PK : Tyler Brenner
Extra Defensemen
Normal : Scott Jackson, Casey Borer, Mac Bennett - PP : Scott Jackson - PK : Casey Borer, Mac Bennett
Penalty Shots
Jarret Stoll, Alexandre Daigle, Linus Omark, John Zeiler, Logan Couture
Influenza
5 vs 5 Forward
Center Left Wing Right Wing Time % Phy DF OF
1 Ryan Carter Robbie Earl Martins Karsums 40 1 2 2
2 Jeff Halpern Pierre-Cédric Labrie Jeremy Morin 30 1 2 2
3 Cody McCormick Ryan Russell Corey Tropp 20 1 2 2
4 Marek Zagrapan Eric Wellwood Colin McDonald 10 1 2 2
5 vs 5 Defense
Defense Defense Time % Phy DF OF
1 Alexander Sulzer Jaime Sifers 40 1 2 2
2 Carl Gunnarsson Jeff Petry 30 1 2 2
3 Oskars Bartulis Brian Salcido 20 1 2 2
4 Jeff May Colby Robak 10 1 2 2
PowerPlay Forward
Center Left Wing Right Wing Time % Phy DF OF
1 Ryan Carter Robbie Earl Martins Karsums 60 1 2 2
2 Jeff Halpern Pierre-Cédric Labrie Jeremy Morin 40 1 2 2
PowerPlay Defense
Defense Defense Time % Phy DF OF
1 Alexander Sulzer Jaime Sifers 60 1 2 2
2 Carl Gunnarsson Jeff Petry 40 1 2 2
Penalty Kill 4 Players Forward
Center Wing Time % Phy DF OF
1 Robbie Earl Ryan Carter 60 1 2 2
2 Martins Karsums Jeff Halpern 40 1 2 2
Penalty Kill 4 Players Defense
Defense Defense Time % Phy DF OF
1 Alexander Sulzer Jaime Sifers 60 1 2 2
2 Carl Gunnarsson Jeff Petry 40 1 2 2
Penalty Kill - 3 Players Forward
Forward Time % Phy DF OF
1 Robbie Earl 60 1 2 2
2 Ryan Carter 40 1 2 2
Penalty Kill - 3 Players Defense
Defense Defense Time % Phy DF OF
1 Alexander Sulzer Jaime Sifers 60 1 2 2
2 Carl Gunnarsson Jeff Petry 40 1 2 2
4 vs 4 Forward
Center Wing Time % Phy DF OF
1 Robbie Earl Ryan Carter 60 1 2 2
2 Martins Karsums Jeff Halpern 40 1 2 2
4 vs 4 Defense
Defense Defense Time % Phy DF OF
1 Alexander Sulzer Jaime Sifers 60 1 2 2
2 Carl Gunnarsson Jeff Petry 40 1 2 2
Last Minutes Offensive
Center Left Wing Right Wing Defense Defense
Ryan Carter Robbie Earl Martins Karsums Alexander Sulzer Jaime Sifers
Last Minutes Defensive
Center Left Wing Right Wing Defense Defense
Ryan Carter Robbie Earl Martins Karsums Alexander Sulzer Jaime Sifers
Goaltenders
Starting : Tyson Sexsmith
Backup : Alex Stalock
Extra Forwards
Normal : Cody McCormick, Marek Zagrapan, Ryan Russell - PP : Cody McCormick, Marek Zagrapan - PK : Ryan Russell
Extra Defensemen
Normal : Oskars Bartulis, Brian Salcido, Jeff May - PP : Oskars Bartulis - PK : Brian Salcido, Jeff May
Penalty Shots
Robbie Earl, Ryan Carter, Martins Karsums, Jeff Halpern, Cody McCormick
% Time on Ice - Atomiques
Lines # - Real PCT - Wanted PCT - Time Play
Normal Forward
1 - 29% - 40% - 13:37
2 - 32% - 30% - 15:09
3 - 21% - 20% - 10:06
4 - 18% - 10% - 8:33
Normal Defense
1 - 34% - 40% - 16:10
2 - 35% - 30% - 16:28
3 - 24% - 20% - 11:16
4 - 7% - 10% - 3:31
PP Forward
1 - 67% - 60% - 1:45
2 - 33% - 40% - 0:52
PP Defense
1 - 74% - 60% - 1:56
2 - 26% - 40% - 0:41
PK Forward
1 - 74% - 60% - 5:22
2 - 26% - 40% - 1:52
PK Defense
1 - 64% - 60% - 4:38
2 - 36% - 40% - 2:36
PK3 Forward
1 - 0% - 60%
2 - 0% - 40%
PK3 Defense
1 - 0% - 60%
2 - 0% - 40%
44 Forward
1 - 69% - 60% - 1:19
2 - 31% - 40% - 0:35
44 Defense
1 - 78% - 60% - 1:29
2 - 22% - 40% - 0:25
Last Minute Offensive - 0:00
Last Minute Defensive - 0:50
Total
Forward - 60:00
Defense - 60:00
|
% Time on Ice - Influenza
Lines # - Real PCT - Wanted PCT - Time Play
Normal Forward
1 - 33% - 40% - 15:43
2 - 27% - 30% - 12:57
3 - 20% - 20% - 9:40
4 - 19% - 10% - 8:52
Normal Defense
1 - 38% - 40% - 17:42
2 - 31% - 30% - 14:46
3 - 21% - 20% - 9:56
4 - 10% - 10% - 4:48
PP Forward
1 - 53% - 60% - 3:50
2 - 47% - 40% - 3:24
PP Defense
1 - 66% - 60% - 4:46
2 - 34% - 40% - 2:28
PK Forward
1 - 74% - 60% - 1:56
2 - 26% - 40% - 0:41
PK Defense
1 - 52% - 60% - 1:21
2 - 48% - 40% - 1:16
PK3 Forward
1 - 0% - 60%
2 - 0% - 40%
PK3 Defense
1 - 0% - 60%
2 - 0% - 40%
44 Forward
1 - 100% - 60% - 1:54
2 - 0% - 40% - 0:00
44 Defense
1 - 51% - 60% - 0:58
2 - 49% - 40% - 0:56
Last Minute Offensive - 1:03
Last Minute Defensive - 0:00
Total
Forward - 60:00
Defense - 60:00
|
Play by Play
1st period
0:01 of 1st period - Alexandre Daigle wins face-off versus Ryan Carter in neutral zone.
0:06 of 1st period - Wrist shot by Jarret Stoll.
0:06 of 1st period - Shot Blocked by Jaime Sifers.
0:35 of 1st period - Wrist shot by John Zeiler.
0:35 of 1st period - Shot Misses the Net.
1:38 of 1st period - Slapshot by Linus Omark.
1:38 of 1st period - Stopped by Tyson Sexsmith with a rebound.
1:42 of 1st period - Snap shot by Alexandre Daigle.
1:42 of 1st period - Stopped by Tyson Sexsmith without a rebound.
1:43 of 1st period - Jeff Halpern wins face-off versus Logan Couture in Influenza zone.
2:08 of 1st period - Icing by Logan Couture.
2:09 of 1st period - Jarret Stoll wins face-off versus Ryan Carter in Atomiques zone.
2:23 of 1st period - Snap shot by Linus Omark.
2:23 of 1st period - Stopped by Tyson Sexsmith with a rebound.
2:41 of 1st period - Wrist shot by Logan Couture.
2:41 of 1st period - Stopped by Tyson Sexsmith with a rebound.
2:43 of 1st period - Snap shot by John Zeiler.
2:43 of 1st period - Stopped by Tyson Sexsmith with a rebound.
2:45 of 1st period - Slapshot by Victor Hedman.
2:45 of 1st period - Stopped by Tyson Sexsmith with a rebound.
2:47 of 1st period - Snap shot by John Carlson.
2:47 of 1st period - Shot Blocked by Alexander Sulzer.
2:57 of 1st period - Corey Tropp is hit by Ryan Shannon and loses puck.
4:53 of 1st period - Wrist shot by Colin McDonald.
4:53 of 1st period - Shot Blocked by Logan Couture.
5:23 of 1st period - Snap shot by Logan Couture.
5:23 of 1st period - Stopped by Tyson Sexsmith with a rebound.
5:25 of 1st period - Wrist shot by Andrew Kozek.
5:25 of 1st period - Deflect By Logan Couture.
5:25 of 1st period - Stopped by Tyson Sexsmith without a rebound.
5:26 of 1st period - Jarret Stoll wins face-off versus Ryan Carter in Influenza zone.
5:57 of 1st period - John McCarthy is hit by Robbie Earl and loses puck.
6:08 of 1st period - Jaime Sifers is hit by Marc-André Cliche.
6:13 of 1st period - Icing by Martins Karsums.
6:14 of 1st period - Jarret Stoll wins face-off versus Ryan Carter in Influenza zone.
6:19 of 1st period - Wrist shot by Linus Omark.
6:19 of 1st period - Stopped by Tyson Sexsmith with a rebound.
6:27 of 1st period - Snap shot by Ryan Carter.
6:27 of 1st period - Shot Misses the Net.
6:29 of 1st period - Wrist shot by Ryan Carter.
6:29 of 1st period - Shot Misses the Net.
6:31 of 1st period - Wrist shot by Ryan Carter.
6:31 of 1st period - Shot Misses the Net.
6:33 of 1st period - Slapshot by Carl Gunnarsson.
6:33 of 1st period - Stopped by Alex Auld with a rebound.
6:35 of 1st period - Slapshot by Carl Gunnarsson.
6:35 of 1st period - Deflect By Jarret Stoll.
6:35 of 1st period - Stopped by Alex Auld with a rebound.
6:37 of 1st period - Wrist shot by Martins Karsums.
6:37 of 1st period - Shot Blocked by Alexandre Daigle.
6:39 of 1st period - Slapshot by Carl Gunnarsson.
6:39 of 1st period - Stopped by Alex Auld without a rebound.
6:40 of 1st period - Jeff Halpern wins face-off versus Tyler Brenner in Atomiques zone.
7:38 of 1st period - Snap shot by Alexandre Daigle.
7:38 of 1st period - Shot Misses the Net.
8:43 of 1st period - Eric Wellwood is hit by Scott Jackson and loses puck.
8:52 of 1st period - Slapshot by Logan Couture.
8:52 of 1st period - Stopped by Tyson Sexsmith without a rebound.
8:53 of 1st period - Jeff Halpern wins face-off versus Jarret Stoll in Influenza zone.
9:18 of 1st period - Logan Couture is hit by Ryan Carter and loses puck.
10:03 of 1st period - Wrist shot by Ryan Russell.
10:03 of 1st period - Deflect By Corey Tropp.
10:03 of 1st period - Stopped by Alex Auld with a rebound.
10:05 of 1st period - Slapshot by Cody McCormick.
10:05 of 1st period - Stopped by Alex Auld without a rebound.
10:06 of 1st period - Cody McCormick wins face-off versus Jarret Stoll in Atomiques zone.
11:45 of 1st period - Oskars Bartulis is hit by Andrew Kozek and loses puck.
11:55 of 1st period - Off-side.
11:56 of 1st period - Jeff Halpern wins face-off versus Marc-André Cliche in neutral zone.
12:21 of 1st period - Nick Johnson is hit by Cody McCormick and loses puck.
12:34 of 1st period - Wrist shot by John McCarthy.
12:34 of 1st period - Deflect By Nick Johnson.
12:34 of 1st period - Goal by Nick Johnson - Atomiques : 1 - Influenza : 0.
12:35 of 1st period - Alexandre Daigle wins face-off versus Ryan Carter in neutral zone.
12:40 of 1st period - Wrist shot by Alexandre Daigle.
12:40 of 1st period - Stopped by Tyson Sexsmith with a rebound.
12:44 of 1st period - Snap shot by Linus Omark.
12:44 of 1st period - Shot Misses the Net.
12:46 of 1st period - Wrist shot by Jarret Stoll.
12:46 of 1st period - Stopped by Tyson Sexsmith with a rebound.
12:48 of 1st period - Wrist shot by Linus Omark.
12:48 of 1st period - Shot Misses the Net.
12:50 of 1st period - Slapshot by Jarret Stoll.
12:50 of 1st period - Stopped by Tyson Sexsmith with a rebound.
13:00 of 1st period - Ryan Shannon is hit by Jeff Halpern.
13:24 of 1st period - Snap shot by John McCarthy.
13:24 of 1st period - Shot Blocked by Alexander Sulzer.
13:26 of 1st period - Snap shot by John McCarthy.
13:26 of 1st period - Deflect By Nick Johnson.
13:26 of 1st period - Goal by Nick Johnson - Atomiques : 2 - Influenza : 0.
13:27 of 1st period - Robbie Earl wins face-off versus Linus Omark in neutral zone.
13:40 of 1st period - Off-side.
13:41 of 1st period - Jeff Halpern wins face-off versus Jarret Stoll in neutral zone.
14:29 of 1st period - Snap shot by John McCarthy.
14:29 of 1st period - Shot Misses the Net.
14:31 of 1st period - Minor Penalty to Ryan Russell for Interference.
14:32 of 1st period - Jarret Stoll wins face-off versus Robbie Earl in Influenza zone.
14:39 of 1st period - Linus Omark is hit by Robbie Earl and loses puck.
14:48 of 1st period - Snap shot by Robbie Earl.
14:48 of 1st period - Stopped by Alex Auld with a rebound.
15:04 of 1st period - Snap shot by Logan Couture.
15:04 of 1st period - Goal by Logan Couture - Atomiques : 3 - Influenza : 0.
15:05 of 1st period - Jarret Stoll wins face-off versus Pierre-Cédric Labrie in neutral zone.
15:20 of 1st period - Wrist shot by Jarret Stoll.
15:20 of 1st period - Stopped by Tyson Sexsmith without a rebound.
15:21 of 1st period - Ryan Carter wins face-off versus Logan Couture in Influenza zone.
15:26 of 1st period - Snap shot by Ryan Carter.
15:26 of 1st period - Stopped by Alex Auld with a rebound.
15:50 of 1st period - Jeff Petry is hit by Jarret Stoll and loses puck.
16:09 of 1st period - Snap shot by Jaime Sifers.
16:09 of 1st period - Shot Misses the Net.
16:15 of 1st period - Slapshot by Kenndal McArdle.
16:15 of 1st period - Shot Misses the Net.
16:17 of 1st period - Wrist shot by Ryan Shannon.
16:17 of 1st period - Stopped by Tyson Sexsmith with a rebound.
16:19 of 1st period - Snap shot by Davis Drewiske.
16:19 of 1st period - Stopped by Tyson Sexsmith with a rebound.
16:33 of 1st period - Snap shot by John McCarthy.
16:33 of 1st period - Shot Blocked by Cody McCormick.
17:15 of 1st period - Snap shot by Logan Couture.
17:15 of 1st period - Shot Misses the Net.
17:23 of 1st period - Andrew Kozek is hit by Ryan Carter and loses puck.
17:59 of 1st period - Snap shot by Marc-André Cliche.
17:59 of 1st period - Shot Misses the Net.
18:01 of 1st period - Snap shot by John McCarthy.
18:01 of 1st period - Deflect By Nick Johnson.
18:01 of 1st period - Shot Blocked by Colin McDonald.
18:01 of 1st period - Puck is out of play.
18:02 of 1st period - Jarret Stoll wins face-off versus Marek Zagrapan in Influenza zone.
18:34 of 1st period - Tyler Brenner is hit by Eric Wellwood and loses puck.
19:29 of 1st period - Wrist shot by Martins Karsums.
19:29 of 1st period - Stopped by Alex Auld without a rebound.
19:30 of 1st period - Jarret Stoll wins face-off versus Ryan Carter in Atomiques zone.
19:56 of 1st period - John Zeiler is hit by Alexander Sulzer and loses puck.
Goals for this period are 3 for Atomiques vs 0 for Influenza.
Shots for this period are 19 for Atomiques vs 8 for Influenza.
2nd period
0:01 of 2nd period - Ryan Carter wins face-off versus Jarret Stoll in neutral zone.
0:55 of 2nd period - Snap shot by Cody McCormick.
0:55 of 2nd period - Shot Blocked by Ryan Shannon.
0:57 of 2nd period - Slapshot by Carl Gunnarsson.
0:57 of 2nd period - Shot Blocked by Clayton Stoner.
0:59 of 2nd period - Slapshot by Jeff Petry.
0:59 of 2nd period - Stopped by Alex Auld with a rebound.
1:30 of 2nd period - Wrist shot by John McCarthy.
1:30 of 2nd period - Stopped by Tyson Sexsmith without a rebound.
1:31 of 2nd period - Marc-André Cliche wins face-off versus Martins Karsums in Influenza zone.
2:05 of 2nd period - Wrist shot by Ryan Carter.
2:05 of 2nd period - Deflect By Martins Karsums.
2:05 of 2nd period - Goal by Martins Karsums - Atomiques : 3 - Influenza : 1.
2:06 of 2nd period - Jarret Stoll wins face-off versus Jeff Halpern in neutral zone.
2:40 of 2nd period - Snap shot by Logan Couture.
2:40 of 2nd period - Stopped by Tyson Sexsmith with a rebound.
3:34 of 2nd period - Slapshot by Jeff Halpern.
3:34 of 2nd period - Stopped by Alex Auld with a rebound.
3:36 of 2nd period - Slapshot by Carl Gunnarsson.
3:36 of 2nd period - Stopped by Alex Auld with a rebound.
3:38 of 2nd period - Wrist shot by Jeremy Morin.
3:38 of 2nd period - Shot Misses the Net.
3:40 of 2nd period - Snap shot by Jeff Petry.
3:40 of 2nd period - Shot Misses the Net.
3:42 of 2nd period - Slapshot by Carl Gunnarsson.
3:42 of 2nd period - Shot Blocked by Scott Jackson.
3:48 of 2nd period - Minor Penalty to Casey Borer for Hooking.
3:49 of 2nd period - Jarret Stoll wins face-off versus Ryan Carter in Atomiques zone.
3:53 of 2nd period - Minor Penalty to Ryan Carter for Roughing.
3:54 of 2nd period - Jarret Stoll wins face-off versus Robbie Earl in Influenza zone.
4:49 of 2nd period - Snap shot by John Zeiler.
4:49 of 2nd period - Shot Misses the Net.
4:51 of 2nd period - Backhand shot by Victor Hedman.
4:51 of 2nd period - Stopped by Tyson Sexsmith without a rebound.
4:52 of 2nd period - Jarret Stoll wins face-off versus Robbie Earl in Influenza zone.
5:15 of 2nd period - Snap shot by Linus Omark.
5:15 of 2nd period - Deflect By John Zeiler.
5:15 of 2nd period - Stopped by Tyson Sexsmith with a rebound.
5:17 of 2nd period - Slapshot by John Carlson.
5:17 of 2nd period - Stopped by Tyson Sexsmith with a rebound.
5:19 of 2nd period - Snap shot by Davis Drewiske.
5:19 of 2nd period - Stopped by Tyson Sexsmith without a rebound.
5:20 of 2nd period - Jarret Stoll wins face-off versus Robbie Earl in Influenza zone.
5:48 of 2nd period - Penalty to Casey Borer is over, Casey Borer is back on ice.
5:53 of 2nd period - Penalty to Ryan Carter is over, Ryan Carter is back on ice.
6:25 of 2nd period - Wrist shot by Ryan Russell.
6:25 of 2nd period - Shot Misses the Net.
7:04 of 2nd period - Snap shot by Marek Zagrapan.
7:04 of 2nd period - Stopped by Alex Auld with a rebound.
7:06 of 2nd period - Slapshot by Jaime Sifers.
7:06 of 2nd period - Shot Misses the Net.
7:08 of 2nd period - Slapshot by Alexander Sulzer.
7:08 of 2nd period - Shot Misses the Net.
7:10 of 2nd period - Snap shot by Alexander Sulzer.
7:10 of 2nd period - Stopped by Alex Auld with a rebound.
7:12 of 2nd period - Snap shot by Ryan Carter.
7:12 of 2nd period - Deflect By Marek Zagrapan.
7:12 of 2nd period - Stopped by Alex Auld with a rebound.
7:14 of 2nd period - Backhand shot by Marek Zagrapan.
7:14 of 2nd period - Stopped by Alex Auld with a rebound.
7:16 of 2nd period - Wrist shot by Ryan Carter.
7:16 of 2nd period - Stopped by Alex Auld without a rebound.
7:17 of 2nd period - Tyler Brenner wins face-off versus Jeff Halpern in Atomiques zone.
7:44 of 2nd period - Robbie Earl is hit by Davis Drewiske and loses puck.
8:02 of 2nd period - Icing by John McCarthy.
8:03 of 2nd period - Jeff Halpern wins face-off versus Tyler Brenner in Atomiques zone.
8:30 of 2nd period - Snap shot by Marc-André Cliche.
8:30 of 2nd period - Stopped by Tyson Sexsmith without a rebound.
8:31 of 2nd period - Jeff Halpern wins face-off versus Marc-André Cliche in Influenza zone.
10:26 of 2nd period - Cody McCormick is hit by Kenndal McArdle and loses puck.
11:03 of 2nd period - Snap shot by Pierre-Cédric Labrie.
11:03 of 2nd period - Stopped by Alex Auld without a rebound.
11:04 of 2nd period - Logan Couture wins face-off versus Jeff Halpern in Atomiques zone.
11:44 of 2nd period - Jeff Petry is hit by Alexandre Daigle.
12:01 of 2nd period - Snap shot by Cody McCormick.
12:01 of 2nd period - Shot Blocked by Casey Borer.
12:13 of 2nd period - Carl Gunnarsson is hit by Nick Johnson and loses puck.
12:33 of 2nd period - John Carlson is hit by Marek Zagrapan.
13:06 of 2nd period - Snap shot by Colin McDonald.
13:06 of 2nd period - Shot Misses the Net.
13:24 of 2nd period - Slapshot by John Carlson.
13:24 of 2nd period - Stopped by Tyson Sexsmith without a rebound.
13:25 of 2nd period - Jarret Stoll wins face-off versus Ryan Carter in Influenza zone.
13:50 of 2nd period - Scott Jackson is hit by Jaime Sifers and loses puck.
13:55 of 2nd period - Wrist shot by Jeff Halpern.
13:55 of 2nd period - Stopped by Alex Auld without a rebound.
13:56 of 2nd period - Jarret Stoll wins face-off versus Jeremy Morin in Atomiques zone.
14:45 of 2nd period - Slapshot by Ryan Russell.
14:45 of 2nd period - Shot Misses the Net.
14:47 of 2nd period - Wrist shot by Cody McCormick.
14:47 of 2nd period - Stopped by Alex Auld without a rebound.
14:48 of 2nd period - Cody McCormick wins face-off versus Tyler Brenner in Atomiques zone.
15:07 of 2nd period - Ryan Russell is hit by Victor Hedman.
15:16 of 2nd period - Wrist shot by Ryan Russell.
15:16 of 2nd period - Stopped by Alex Auld with a rebound.
15:18 of 2nd period - Slapshot by Jeff Petry.
15:18 of 2nd period - Stopped by Alex Auld with a rebound.
15:20 of 2nd period - Snap shot by Cody McCormick.
15:20 of 2nd period - Shot Misses the Net.
15:22 of 2nd period - Slapshot by Jeff Petry.
15:22 of 2nd period - Shot Misses the Net.
15:36 of 2nd period - Snap shot by Cody McCormick.
15:36 of 2nd period - Stopped by Alex Auld without a rebound.
15:37 of 2nd period - Ryan Carter wins face-off versus Jarret Stoll in Atomiques zone.
15:38 of 2nd period - Wrist shot by Martins Karsums.
15:38 of 2nd period - Shot Blocked by Davis Drewiske.
16:24 of 2nd period - Snap shot by Eric Wellwood.
16:24 of 2nd period - Shot Misses the Net.
16:26 of 2nd period - Snap shot by Eric Wellwood.
16:26 of 2nd period - Shot Blocked by John McCarthy.
16:28 of 2nd period - Snap shot by Marek Zagrapan.
16:28 of 2nd period - Deflect By Colin McDonald.
16:28 of 2nd period - Stopped by Alex Auld without a rebound.
16:29 of 2nd period - Jarret Stoll wins face-off versus Eric Wellwood in Atomiques zone.
16:59 of 2nd period - Slapshot by John Carlson.
16:59 of 2nd period - Stopped by Tyson Sexsmith with a rebound.
17:01 of 2nd period - Slapshot by Victor Hedman.
17:01 of 2nd period - Stopped by Tyson Sexsmith with a rebound.
17:19 of 2nd period - Snap shot by Ryan Carter.
17:19 of 2nd period - Shot Misses the Net.
17:21 of 2nd period - Snap shot by Martins Karsums.
17:21 of 2nd period - Stopped by Alex Auld with a rebound.
17:23 of 2nd period - Wrist shot by Martins Karsums.
17:23 of 2nd period - Stopped by Alex Auld without a rebound.
17:24 of 2nd period - Jeff Halpern wins face-off versus Jarret Stoll in Atomiques zone.
17:27 of 2nd period - Snap shot by Pierre-Cédric Labrie.
17:27 of 2nd period - Shot Blocked by Alexandre Daigle.
17:37 of 2nd period - Snap shot by Jeff Halpern.
17:37 of 2nd period - Deflect By Pierre-Cédric Labrie.
17:37 of 2nd period - Stopped by Alex Auld with a rebound.
17:53 of 2nd period - Slapshot by Martins Karsums.
17:53 of 2nd period - Stopped by Alex Auld with a rebound.
18:02 of 2nd period - Minor Penalty to Andrew Kozek for Hooking.
18:03 of 2nd period - Jarret Stoll wins face-off versus Ryan Carter in Atomiques zone.
18:32 of 2nd period - Icing by Jeremy Morin.
18:33 of 2nd period - Jeff Halpern wins face-off versus Jarret Stoll in Influenza zone.
Goals for this period are 0 for Atomiques vs 1 for Influenza.
Shots for this period are 10 for Atomiques vs 20 for Influenza.
3rd period
0:01 of 3rd period - Ryan Carter wins face-off versus Jarret Stoll in neutral zone.
0:02 of 3rd period - Penalty to Andrew Kozek is over, Andrew Kozek is back on ice.
0:06 of 3rd period - Wrist shot by Ryan Carter.
0:06 of 3rd period - Shot Blocked by Jarret Stoll.
0:08 of 3rd period - Wrist shot by Jaime Sifers.
0:08 of 3rd period - Shot Misses the Net.
0:10 of 3rd period - Slapshot by Jaime Sifers.
0:10 of 3rd period - Shot Blocked by Andrew Kozek.
0:12 of 3rd period - Wrist shot by Ryan Carter.
0:12 of 3rd period - Shot Misses the Net.
0:56 of 3rd period - Off-side.
0:57 of 3rd period - Robbie Earl wins face-off versus Jarret Stoll in neutral zone.
1:22 of 3rd period - Clayton Stoner is hit by Jeff Halpern and loses puck.
1:30 of 3rd period - Minor Penalty to John Zeiler for Roughing.
1:31 of 3rd period - Jarret Stoll wins face-off versus Ryan Carter in Atomiques zone.
2:53 of 3rd period - Jeff Halpern is hit by John Carlson and loses puck.
3:04 of 3rd period - Pierre-Cédric Labrie is hit by Brett Sutter and loses puck.
3:17 of 3rd period - John Carlson is hit by Ryan Carter.
3:30 of 3rd period - Penalty to John Zeiler is over, John Zeiler is back on ice.
3:33 of 3rd period - John Carlson is hit by Ryan Carter.
3:45 of 3rd period - Wrist shot by Tyler Brenner.
3:45 of 3rd period - Shot Misses the Net.
4:14 of 3rd period - Snap shot by Nick Johnson.
4:14 of 3rd period - Stopped by Tyson Sexsmith without a rebound.
4:15 of 3rd period - Cody McCormick wins face-off versus Tyler Brenner in Influenza zone.
4:25 of 3rd period - Icing by Casey Borer.
4:26 of 3rd period - Jeff Halpern wins face-off versus Tyler Brenner in Atomiques zone.
4:30 of 3rd period - Icing by Casey Borer.
4:31 of 3rd period - Tyler Brenner wins face-off versus Jeremy Morin in Atomiques zone.
5:37 of 3rd period - Minor Penalty to John Zeiler for Holding.
5:38 of 3rd period - Jarret Stoll wins face-off versus Robbie Earl in Atomiques zone.
5:55 of 3rd period - John Carlson is hit by Alexander Sulzer and loses puck.
6:09 of 3rd period - Icing by Jaime Sifers.
6:10 of 3rd period - Tyler Brenner wins face-off versus Jeff Halpern in Influenza zone.
6:45 of 3rd period - Wrist shot by Martins Karsums.
6:45 of 3rd period - Shot Misses the Net.
6:47 of 3rd period - Wrist shot by Jeff Petry.
6:47 of 3rd period - Shot Blocked by Clayton Stoner.
6:49 of 3rd period - Wrist shot by Robbie Earl.
6:49 of 3rd period - Goal by Robbie Earl - Atomiques : 3 - Influenza : 2.
6:50 of 3rd period - Jarret Stoll wins face-off versus Ryan Carter in neutral zone.
6:53 of 3rd period - Slapshot by John Carlson.
6:53 of 3rd period - Shot Blocked by Martins Karsums.
6:55 of 3rd period - Snap shot by John Carlson.
6:55 of 3rd period - Stopped by Tyson Sexsmith with a rebound.
6:57 of 3rd period - Slapshot by Victor Hedman.
6:57 of 3rd period - Stopped by Tyson Sexsmith without a rebound.
6:58 of 3rd period - Jarret Stoll wins face-off versus Martins Karsums in Influenza zone.
7:03 of 3rd period - Snap shot by John Carlson.
7:03 of 3rd period - Deflect By Martins Karsums.
7:03 of 3rd period - Stopped by Tyson Sexsmith without a rebound.
7:04 of 3rd period - Linus Omark wins face-off versus Ryan Carter in Influenza zone.
7:07 of 3rd period - Snap shot by Alexandre Daigle.
7:07 of 3rd period - Stopped by Tyson Sexsmith without a rebound.
7:08 of 3rd period - Jarret Stoll wins face-off versus Ryan Carter in Influenza zone.
7:33 of 3rd period - Backhand shot by Alexander Sulzer.
7:33 of 3rd period - Shot Blocked by Victor Hedman.
8:07 of 3rd period - Snap shot by Kenndal McArdle.
8:07 of 3rd period - Shot Blocked by Jeff Petry.
9:45 of 3rd period - Slapshot by Alexander Sulzer.
9:45 of 3rd period - Stopped by Alex Auld with a rebound.
9:51 of 3rd period - Minor Penalty to Casey Borer for Hooking.
9:52 of 3rd period - Jarret Stoll wins face-off versus Ryan Carter in Atomiques zone.
10:29 of 3rd period - Icing by Alexander Sulzer.
10:30 of 3rd period - Jarret Stoll wins face-off versus Jeff Halpern in Influenza zone.
10:33 of 3rd period - Slapshot by Jarret Stoll.
10:33 of 3rd period - Deflect By Alexandre Daigle.
10:33 of 3rd period - Stopped by Tyson Sexsmith with a rebound.
10:45 of 3rd period - Alexandre Daigle is hit by Jeff Halpern and loses puck.
10:56 of 3rd period - Slapshot by Alexander Sulzer.
10:56 of 3rd period - Shot Misses the Net.
11:33 of 3rd period - Icing by Carl Gunnarsson.
11:34 of 3rd period - Ryan Carter wins face-off versus Linus Omark in Influenza zone.
11:41 of 3rd period - Linus Omark is hit by Robbie Earl and loses puck.
11:51 of 3rd period - Penalty to Casey Borer is over, Casey Borer is back on ice.
12:10 of 3rd period - Slapshot by John Carlson.
12:10 of 3rd period - Stopped by Tyson Sexsmith with a rebound.
12:34 of 3rd period - Davis Drewiske is hit by Jeff Petry and loses puck.
12:45 of 3rd period - Clayton Stoner is hit by Jeremy Morin and loses puck.
13:34 of 3rd period - Snap shot by Andrew Kozek.
13:34 of 3rd period - Stopped by Tyson Sexsmith with a rebound.
13:36 of 3rd period - Slapshot by Clayton Stoner.
13:36 of 3rd period - Deflect By John Zeiler.
13:36 of 3rd period - Stopped by Tyson Sexsmith with a rebound.
13:38 of 3rd period - Snap shot by Andrew Kozek.
13:38 of 3rd period - Stopped by Tyson Sexsmith with a rebound.
13:40 of 3rd period - Slapshot by Davis Drewiske.
13:40 of 3rd period - Stopped by Tyson Sexsmith without a rebound.
13:41 of 3rd period - Jeff Halpern wins face-off versus Linus Omark in Influenza zone.
13:53 of 3rd period - Minor Penalty to Jaime Sifers for Holding.
13:54 of 3rd period - Jarret Stoll wins face-off versus Robbie Earl in Influenza zone.
15:11 of 3rd period - Ryan Russell is hit by Ryan Shannon and loses puck.
15:28 of 3rd period - Martins Karsums is hit by Ryan Shannon and loses puck.
15:39 of 3rd period - Brian Salcido is hit by Linus Omark and loses puck.
15:53 of 3rd period - Penalty to Jaime Sifers is over, Jaime Sifers is back on ice.
16:47 of 3rd period - Tyler Brenner is hit by Cody McCormick and loses puck.
16:58 of 3rd period - Alexandre Daigle is hit by Martins Karsums and loses puck.
17:15 of 3rd period - Icing by Andrew Kozek.
17:16 of 3rd period - Logan Couture wins face-off versus Cody McCormick in Atomiques zone.
17:27 of 3rd period - Snap shot by Jeff Halpern.
17:27 of 3rd period - Shot Blocked by Nick Johnson.
17:29 of 3rd period - Slapshot by Carl Gunnarsson.
17:29 of 3rd period - Stopped by Alex Auld with a rebound.
17:31 of 3rd period - Slapshot by Carl Gunnarsson.
17:31 of 3rd period - Stopped by Alex Auld with a rebound.
17:33 of 3rd period - Slapshot by Jeff Petry.
17:33 of 3rd period - Shot Blocked by Davis Drewiske.
17:35 of 3rd period - Slapshot by Jeff Petry.
17:35 of 3rd period - Stopped by Alex Auld with a rebound.
17:47 of 3rd period - Slapshot by Robbie Earl.
17:47 of 3rd period - Stopped by Alex Auld without a rebound.
17:48 of 3rd period - Jarret Stoll wins face-off versus Ryan Carter in Atomiques zone.
18:19 of 3rd period - Slapshot by Carl Gunnarsson.
18:19 of 3rd period - Stopped by Alex Auld with a rebound.
18:29 of 3rd period - Wrist shot by Logan Couture.
18:29 of 3rd period - Stopped by Tyson Sexsmith without a rebound.
18:30 of 3rd period - Logan Couture wins face-off versus Jeff Halpern in Influenza zone.
18:31 of 3rd period - Snap shot by John Carlson.
18:31 of 3rd period - Shot Misses the Net.
19:01 of 3rd period - Influenza, Tyson Sexsmith is pulled from the net.
19:01 of 3rd period - Snap shot by Ryan Carter.
19:01 of 3rd period - Stopped by Alex Auld without a rebound.
19:02 of 3rd period - Craig Hartsburg call a timeout for Influenza.
19:02 of 3rd period - Ryan Carter wins face-off versus Jarret Stoll in Atomiques zone.
19:19 of 3rd period - Backhand shot by Linus Omark.
19:19 of 3rd period - Shot Misses the Net.
19:31 of 3rd period - Wrist shot by Alexandre Daigle.
19:31 of 3rd period - Goal by Alexandre Daigle - Atomiques : 4 - Influenza : 2.
19:31 of 3rd period - Tyson Sexsmith from Influenza was sent back in the game.
19:32 of 3rd period - Cody McCormick wins face-off versus Tyler Brenner in neutral zone.
19:39 of 3rd period - Backhand shot by Cody McCormick.
19:39 of 3rd period - Goal by Cody McCormick - Atomiques : 4 - Influenza : 3.
19:40 of 3rd period - Ryan Carter wins face-off versus Jarret Stoll in neutral zone.
19:40 of 3rd period - Ryan Carter is hit by John Carlson.
19:44 of 3rd period - Influenza, Tyson Sexsmith is pulled from the net.
19:58 of 3rd period - Wrist shot by Alexandre Daigle.
19:58 of 3rd period - Shot Misses the Net.
Goals for this period are 1 for Atomiques vs 2 for Influenza.
Shots for this period are 13 for Atomiques vs 9 for Influenza.
Output by the SimonT Hockey Simulator (STHS) for François Prévost -- Original Page W3C XHTML 1.0 Valid